 Dungeon Sprint DCSS version 0.26-a0-707-g31817bcca1 (webtiles) character file.

Game seed: 12150396557791737382

12200000 jfcaron the Conqueror (level 27, -1/249 HPs)
             Began as a Demonspawn Warper on Oct 27, 2020.
             Was the Champion of Makhleb.
             Killed by divine providence
             ... invoked by an observer
              (14 damage)
             ... in the Dungeon (Sprint VIII: "Arena of Blood").
             The game lasted 00:10:28 (122 turns).

jfcaron the Conqueror (Demonspawn Warper)            Turns: 122, Time: 00:10:28

Health: -1/249     AC: 10    Str: 15    XL:     27
Magic:  0/54       EV: 29    Int: 24    God:    Makhleb [******]
Gold:   0          SH:  0    Dex: 13    Spells: 80/80 levels left

rFire    + + .     SeeInvis +   b - +∞ Axe of Woe
rCold    . . .     Faith    .   (shield currently unavailable)
rNeg     + . .     Spirit   +   a - +0 leather armour
rPois    .         Reflect  .   (no helmet)
rElec    .         Harm     .   (no cloak)
rCorr    .         Rampage  .   (no gloves)
MR       ++...     NoTele   +   (boots unavailable)
Stlth    +++++++++.             (no amulet)
HPRegen  0.51/turn              j - ring of see invisible
MPRegen  0.68/turn              (no ring)

@: no status effects
A: talons 3, molten scales 3, fire resistance 1, ignite blood, negative energy
resistance 1, 50% torment resistance, magic shield, magic regeneration, magic
link, black mark, flame cloud immunity
a: Minor Destruction, Lesser Servant of Makhleb, Major Destruction, Greater
Servant of Makhleb, Renounce Religion


You were in the Dungeon.
You worshipped Makhleb.
Makhleb was exalted by your worship.
You visited 1 branch

Inventory:

Hand Weapons
 b - the +∞ Axe of Woe (weapon)
   (You found it in the Dungeon)
Missiles
 d - 5 boomerangs of dispersal (quivered)
Armour
 a - a +0 leather armour (worn)
Jewellery
 j - a ring of see invisible (left hand)
Scrolls
 c - 2 scrolls of blinking
Potions
 e - a potion of curing
 g - a potion of haste
 h - 2 potions of magic
 i - a potion of berserk rage


   Skills:
 O Level 27 Fighting
 O Level 27 Axes
 O Level 27 Throwing
 O Level 27 Armour
 O Level 27 Dodging
 O Level 27 Stealth
 O Level 27 Unarmed Combat
 O Level 27 Spellcasting
   Level 2.6 Translocations
 O Level 27 Invocations


You had 80 spell levels left.
You didn't know any spells.
Your spell library contained the following spells:

 Spells                   Type           Power        Failure   Level
 Blink                    Tloc           N/A          1%          2
 Gell's Gravitas          Tloc           #####.....   1%          3
 Lesser Beckoning         Tloc           #####.....   1%          3
 Teleport Other           Tloc           #####...     1%          3
 Passage of Golubria      Tloc           N/A          3%          4


Dungeon Overview and Level Annotations

Branches:
Dungeon (1/1)

Altars:
Makhleb


Innate Abilities, Weirdness & Mutations

You have claws for feet.
You are completely covered in molten scales. (AC +4, rF+)
Your flesh is heat resistant. (rF+)
Your demonic aura causes spilled blood to erupt in flames.
You resist negative energy. (rN+)
You are somewhat able to resist unholy torments (1 in 2 success).
When hurt, damage is shared between your health and your magic reserves.
You regenerate magic rapidly.
When low on magic, you restore magic in place of health.
Your melee attacks may debilitate your foes.
You are immune to clouds of flame.


Message History

A sculptor of flesh comes into view. It is wielding a +9 great sword.
The destroyer blinks!
The dread calls on the powers of darkness!
The observer convulses!
The scourge convulses!
The observer convulses! x2
The eight-headed meat hydra convulses!
The bag of meat convulses! x3
Your body is wracked with pain!
* * * LOW HITPOINT WARNING * * *
You hear a shout!
The destroyer blinks!
The corpses begin to drag themselves along the ground!
The eight-headed meat hydra calls on the powers of darkness!
The eight-headed meat hydra convulses!
The bag of meat convulses! x4
The observer convulses!
The bag of meat convulses!
The observer convulses!
The scourge convulses!
The bag of meat convulses! x2
Your body is wracked with pain!
* * * LOW HITPOINT WARNING * * *
The scourge convulses!
The observer convulses! x2
The observer gazes at you. Something smites you!
You die...

#################
###@xV).))).......##
#zW☼o☼o).))).........
#.xoGoVoWoz##.##.#####.
..oooox§D.WWx...........
..oS####GoML.##.##......
..W# .xoWXMXX)○........
.W. ..2o.S.WG○#.#......
.z #.....GXM§)........#
.#......§.☼.oV......


You could see 3 accurseds, a tentacled monstrosity (summoned), a tyrant (fast),
an eight-headed meat hydra, 2 destroyers, 4 observers, 2 scourges, 3 sculptors
of flesh, 3 large abominations, 2 wretched souls, 6 dreads, a small abomination,
14 bags of meat and 3 crawling corpses.

Vanquished Creatures
  A hell knight (D)
  Sigmund (D)
  14 hell beasts (D)
  3 greater mummies (D)
  4 wraiths (D)
  16 vampire knights (D)
  54 ogres (D)
  10 two-headed ogres (D)
  3 liches (D)
  3 hydras (D)
  76 orcs (D)
  5 phantoms (D)
  7 skeletal warriors (D)
  7 large abominations (D)
  6 small abominations (D)
  23 crawling corpses (D)
233 creatures vanquished.

Notes
Turn   | Place    | Note
-------+----------+-------------------------------------------
     0 | D        | Found the +∞ Axe of Woe
     0 | D        | jfcaron the Demonspawn Warper began the quest for the Orb.
     0 | D        | Reached XP level 1. HP: 16/16 MP: 3/3
     3 | D        | Became a worshipper of Makhleb the Destroyer
     6 | D        | Noticed a bag of meat
     6 | D        | Noticed a bag of meat
     6 | D        | Noticed a bag of meat
     6 | D        | Noticed a bag of meat
     6 | D        | Noticed a bag of meat
     8 | D        | Killed a bag of meat
     8 | D        | Gained mutation: You have sharp toenails. [demonic
                  | ancestry]
     8 | D        | Reached XP level 2. HP: 10/40 MP: 3/15
     8 | D        | Gained mutation: When hurt, damage is shared between your
                  | health and your magic reserves. [demonic ancestry]
     8 | D        | Reached XP level 3. HP: 12/46 MP: 3/16
     8 | D        | Reached XP level 4. HP: 14/53 MP: 3/18
     8 | D        | Gained mutation: You have razor-sharp toenails. [demonic
                  | ancestry]
     8 | D        | Reached XP level 5. HP: 16/59 MP: 3/19
     8 | D        | Gained mutation: Your flesh is heat resistant. (rF+)
                  | [demonic ancestry]
     8 | D        | Reached XP level 6. HP: 17/66 MP: 3/21
     8 | D        | Gained mutation: You have claws for feet. [demonic
                  | ancestry]
     8 | D        | Reached XP level 7. HP: 19/72 MP: 3/22
     8 | D        | Gained mutation: You regenerate magic rapidly. [demonic
                  | ancestry]
     8 | D        | Reached XP level 8. HP: 21/79 MP: 3/24
     8 | D        | Gained mutation: You are partially covered in molten
                  | scales. (AC +2) [demonic ancestry]
     8 | D        | Reached XP level 9. HP: 23/85 MP: 3/25
     8 | D        | Gained mutation: You resist negative energy. (rN+) [demonic
                  | ancestry]
     8 | D        | Reached XP level 10. HP: 24/92 MP: 3/26
     8 | D        | Gained mutation: You are mostly covered in molten scales.
                  | (AC +3) [demonic ancestry]
     8 | D        | Reached XP level 11. HP: 26/98 MP: 3/27
     8 | D        | Noticed a bag of meat
     8 | D        | Noticed a bag of meat
     8 | D        | Noticed a bag of meat
     8 | D        | Noticed a meat berserker
     8 | D        | Noticed a bag of meat
     8 | D        | Noticed a bag of meat
     8 | D        | Noticed a bag of meat
     9 | D        | Killed a bag of meat
     9 | D        | Reached * piety under Makhleb
     9 | D        | Reached skill level 15 in Fighting
     9 | D        | Reached XP level 12. HP: 30/110 MP: 3/30
     9 | D        | Noticed a bag of meat
     9 | D        | Noticed a bag of meat
    11 | D        | Killed a bag of meat
    11 | D        | Reached skill level 15 in Axes
    11 | D        | Reached skill level 15 in Armour
    11 | D        | Reached skill level 15 in Dodging
    11 | D        | Reached skill level 15 in Spellcasting
    11 | D        | Reached XP level 13. HP: 96/119 MP: 4/32
    11 | D        | Noticed a bag of meat
    12 | D        | Killed a meat berserker
    12 | D        | Reached XP level 14. HP: 51/131 MP: 2/35
    12 | D        | Killed a bag of meat
    12 | D        | Reached ** piety under Makhleb
    12 | D        | Reached XP level 15. HP: 94/139 MP: 2/37
    13 | D        | Reached *** piety under Makhleb
    13 | D        | Reached XP level 16. HP: 152/152 MP: 3/40
    15 | D        | Noticed a meat berserker
    15 | D        | Noticed a meat berserker
    16 | D        | Reached **** piety under Makhleb
    16 | D        | Gained mutation: You are immune to clouds of flame.
                  | [demonic ancestry]
    16 | D        | Reached XP level 17. HP: 164/164 MP: 4/42
    17 | D        | Noticed a large bag of meat
    19 | D        | Noticed a destroyer
    19 | D        | Reached XP level 18. HP: 177/177 MP: 3/45
    19 | D        | Reached ***** piety under Makhleb
    19 | D        | Noticed a destroyer
    19 | D        | Noticed a meat berserker
    20 | D        | Killed a destroyer
    20 | D        | Reached skill level 27 in Fighting
    20 | D        | Reached XP level 19. HP: 189/189 MP: 3/49
    20 | D        | Killed a meat berserker
    20 | D        | Reached skill level 27 in Axes
    20 | D        | Reached skill level 27 in Armour
    20 | D        | Reached skill level 27 in Dodging
    20 | D        | Reached skill level 27 in Spellcasting
    23 | D        | Reached skill level 10 in Stealth
    23 | D        | Reached skill level 10 in Unarmed Combat
    23 | D        | Killed a meat berserker
    23 | D        | Gained mutation: Your demonic aura causes spilled blood to
                  | erupt in flames. [demonic ancestry]
    23 | D        | Reached XP level 20. HP: 197/197 MP: 4/51
    24 | D        | Noticed a meat berserker
    25 | D        | Noticed a large bag of meat
    25 | D        | Killed a meat berserker
    25 | D        | Reached ****** piety under Makhleb
    25 | D        | Killed a large bag of meat
    25 | D        | Gained mutation: You are somewhat able to resist unholy
                  | torments (1 in 2 success). [demonic ancestry]
    25 | D        | Reached XP level 21. HP: 204/204 MP: 5/52
    26 | D        | Noticed a large bag of meat
    28 | D        | Noticed a destroyer
    29 | D        | Reached skill level 27 in Invocations
    29 | D        | Reached XP level 22. HP: 206/212 MP: 4/53
    44 | D        | Reached skill level 27 in Stealth
    44 | D        | Reached skill level 27 in Throwing
    44 | D        | Reached skill level 27 in Unarmed Combat
    47 | D        | Gained mutation: You are completely covered in molten
                  | scales. (AC +4, rF+) [demonic ancestry]
    47 | D        | Reached XP level 23. HP: 219/219 MP: 5/54
    49 | D        | Killed a large bag of meat
    51 | D        | Noticed a tyrant
    52 | D        | Killed a destroyer
    52 | D        | Gained mutation: Your melee attacks may debilitate your
                  | foes. [demonic ancestry]
    52 | D        | Reached XP level 24. HP: 227/227 MP: 8/54
    58 | D        | Killed a large bag of meat
    58 | D        | Reached XP level 25. HP: 234/234 MP: 10/54
    59 | D        | Noticed The Captor
    60 | D        | Killed a tyrant
    62 | D        | Killed a destroyer
    62 | D        | Reached XP level 26. HP: 242/242 MP: 12/54
    62 | D        | Noticed a tyrant
    65 | D        | Noticed a dread
    67 | D        | Killed The Captor
    67 | D        | Gained mutation: When low on magic, you restore magic in
                  | place of health. [demonic ancestry]
    67 | D        | Reached XP level 27. HP: 242/249 MP: 10/54
    70 | D        | Noticed a meat beast
    70 | D        | Noticed a meat beast
    71 | D        | Killed a tyrant
    72 | D        | Noticed a destroyer
    73 | D        | Killed a meat beast
    74 | D        | Noticed an accursed
    75 | D        | Noticed a destroyer
    75 | D        | Killed a meat beast
    75 | D        | Killed a dread
    76 | D        | Noticed a large bag of meat
    76 | D        | Noticed a meat beast
    78 | D        | Noticed a meat beast
    78 | D        | Noticed a destroyer
    80 | D        | Killed a meat beast
    80 | D        | Noticed a dread
    81 | D        | Killed a destroyer
    83 | D        | Noticed a destroyer
    84 | D        | Killed a meat beast
    84 | D        | Noticed a dread
    85 | D        | Killed a destroyer
    85 | D        | Noticed a meat beast
    85 | D        | Noticed a dread
    86 | D        | Noticed a meat beast
    87 | D        | Killed a destroyer
    88 | D        | Noticed a large bag of meat
    90 | D        | Killed a meat beast
    90 | D        | Noticed a destroyer
    91 | D        | Noticed a meat beast
    91 | D        | Killed a destroyer
    91 | D        | Noticed a meat beast
    91 | D        | Noticed a destroyer
    91 | D        | Noticed a tyrant
    92 | D        | Noticed a meat beast
    93 | D        | Noticed a destroyer
    93 | D        | Noticed an accursed
    94 | D        | Killed a large bag of meat
    94 | D        | Noticed a meat beast
    94 | D        | Killed a large bag of meat
    95 | D        | Noticed a large bag of meat
    95 | D        | Killed a meat beast
    95 | D        | Noticed a destroyer
    96 | D        | Killed a destroyer
    96 | D        | Noticed a destroyer
    96 | D        | Killed a large bag of meat
    96 | D        | HP: 48/249 [accursed/divine providence (12)]
    97 | D        | Killed a destroyer
    97 | D        | Killed a dread
    97 | D        | Killed a meat beast
    97 | D        | Noticed a destroyer
    98 | D        | Noticed a meat beast
    98 | D        | Noticed a destroyer
    98 | D        | Noticed an accursed
    99 | D        | Noticed a meat beast
    99 | D        | Killed a meat beast
    99 | D        | Killed a meat beast
    99 | D        | Killed a dread
    99 | D        | Killed a large bag of meat
    99 | D        | Noticed a dread
    99 | D        | Noticed a dread
   100 | D        | Noticed an accursed
   100 | D        | Killed a destroyer
   100 | D        | Killed a meat beast
   100 | D        | Noticed a destroyer
   100 | D        | Noticed a destroyer
   101 | D        | Noticed a meat beast
   101 | D        | Killed a destroyer
   101 | D        | Killed a destroyer
   102 | D        | Killed a destroyer
   103 | D        | Killed a destroyer
   103 | D        | Killed a meat beast
   104 | D        | Killed an accursed
   104 | D        | Killed a destroyer
   104 | D        | Noticed a tyrant
   104 | D        | Killed a large bag of meat
   109 | D        | Killed a meat beast
   109 | D        | Killed a meat beast
   109 | D        | Noticed a meat beast
   110 | D        | HP: 46/249 [tyrant/the air (34)]
   111 | D        | Noticed a destroyer
   112 | D        | Noticed a destroyer
   112 | D        | Noticed a dread
   113 | D        | Killed an accursed
   113 | D        | Killed a destroyer
   113 | D        | HP: 19/249 [accursed/divine providence (11)]
   114 | D        | Noticed a dread
   114 | D        | Killed an accursed
   114 | D        | Noticed an accursed
   115 | D        | Noticed a dread
   116 | D        | Killed a dread
   117 | D        | Killed a large bag of meat
   119 | D        | Noticed a dread
   120 | D        | Noticed a fleshlord
   120 | D        | Killed a fleshlord
   120 | D        | Killed a tyrant
   120 | D        | Noticed an accursed
   121 | D        | Killed a meat beast
   121 | D        | HP: 43/249 [??? (32)]
   121 | D        | Killed a large bag of meat
   122 | D        | HP: 20/249 [??? (14)]
   122 | D        | Killed from afar by an observer

Illustrated notes

Levels and vault maps discovered:
D:        meatsprint

Skill      XL: |  1  2  3  4  5  6  7  8  9 10 11 12 13 14 15 16 17 18 19 20 21 22 |
---------------+-------------------------------------------------------------------+-----
Fighting       | 13 15 16 18 19 21 23 25 27 | 27.0
Axes           | 12 14 15 17 20 21 23 26 27 | 27.0
Armour         | 12 14 15 17 18 20 21 23 25 27 | 27.0
Dodging        | 12 14 15 17 18 20 21 23 26 27 | 27.0
Spellcasting   | 12 14 15 17 18 20 21 23 26 27 | 27.0
Throwing       | 13 18 23 27 | 27.0
Stealth        | 14 20 25 27 | 27.0
Unarmed Combat | 13 19 23 27 | 27.0
Invocations    | 18 24 27 | 27.0
Translocations | |  2.6

Action                   |  1- 3 |  4- 6 |  7- 9 | 10-12 | 13-15 | 16-18 | 19-21 | 22-24 | 25-27 || total
-------------------------+-------+-------+-------+-------+-------+-------+-------+-------+-------++-------
Melee: Executioner's axe |     1 |       |       |     2 |     2 |     3 |     3 |    10 |    54 ||    75
Invok: Major Destruction |       |       |       |       |       |       |       |       |     3 ||     3
  Use: Potion            |       |       |       |       |       |       |       |       |     1 ||     1
Armor: Leather armour    |       |       |       |       |       |       |       |       |     2 ||     2
Dodge: Dodged            |       |       |       |     1 |       |     2 |       |     3 |    13 ||    19

Table legend: (Time is in decaauts)
 A = Elapsed time spent in this place.
 B = Non-inter-level travel time spent in this place.
 C = Inter-level travel time spent in this place.
 D = Time resting spent in this place.
 E = Time spent auto-exploring this place.
 F = Levels seen in this place.
 G = Mean time per level.
                   A        B        C        D        E       F      G
               +--------+--------+--------+--------+--------+-----+--------+
         Total |    102 |    102 |      0 |      0 |      0 |   1 |  102.0 |
       Dungeon |    102 |    102 |      0 |      0 |      0 |   1 |  102.0 |
               +--------+--------+--------+--------+--------+-----+--------+

Top non-repeatable levels by time:
       D: 102 daAuts
